 Dungeon Crawl Stone Soup version 0.20.1-1-g8b1a95d (webtiles) character file.

93 equalderp2856 the Skirmisher (level 4, -2/35 HPs)
             Began as a Mummy Fighter on July 15, 2017.
             Slain by a worm (9 damage)
             ... on level 3 of the Dungeon.
             The game lasted 00:08:06 (2470 turns).

equalderp2856 the Skirmisher (Mummy Fighter)        Turns: 2470, Time: 00:08:07

Health: -2/35      AC: 10    Str: 20    XL:     4   Next: 36%
Magic:  4/4        EV:  7    Int:  7    God:
Gold:   63         SH:  9    Dex: 11    Spells: 3/3 levels left

rFire    x . .     SeeInvis .   a - +0 long sword
rCold    + . .     Gourm    .   c - +0 shield
rNeg     + + +     Faith    .   b - +0 scale mail
rPois    ∞         Spirit   .   q - +0 helmet
rElec    .         Reflect  .   (no cloak)
rCorr    .         Harm     .   h - +0 pair of gloves
MR       .....                  m - +0 pair of boots
Stlth    ..........             (no amulet)
Regen    0.2/turn               (no ring)
MPRegen  0.1/turn               (no ring)

@: no status effects
A: no food or potions, fire vulnerability, cold resistance 1, negative energy
resistance 3, torment resistance, unbreathing
a: no special abilities


You were on level 3 of the Dungeon.
You were not hungry.

You visited 1 branch of the dungeon, and saw 4 of its levels.

You collected 63 gold pieces.

Inventory:

Hand Weapons
 a - a +0 long sword (weapon)
 n - a cursed -2 short sword
Missiles
 k - 57 bolts
 p - 28 stones (quivered)
Armour
 b - a +0 scale mail (worn)
 c - a +0 shield (worn)
 h - a +0 pair of gloves (worn)
 l - a +0 leather armour
 m - a +0 pair of boots (worn)
 o - a +0 ring mail
 q - a +0 helmet (worn)
Scrolls
 d - a scroll of enchant armour {unknown}
 e - a scroll of teleportation {unknown}
 f - 2 scrolls of identify {unknown}
 g - a scroll of enchant weapon {unknown}
 i - a scroll of noise {unknown}
 j - a scroll of immolation {unknown}
 r - a scroll of remove curse {unknown}


   Skills:
 + Level 3.2 Fighting
 + Level 2.4 Long Blades
 + Level 3.0 Armour
 + Level 0.5 Dodging
 + Level 2.9 Shields


You had 3 spell levels left.
You didn't know any spells.

Dungeon Overview and Level Annotations

Branches:
Dungeon (4/15)
 Temple: D:4-7

Altars:
Kikubaaqudgha
Nemelex Xobeh


Innate Abilities, Weirdness & Mutations

You do not eat or drink.
Your flesh is vulnerable to fire.
You are immune to poison.
Your flesh is cold resistant. (rC+)
You are immune to negative energy. (rN+++)
You are immune to unholy pain and torment.
You can survive without breathing.


Message History

The orc closely misses you. The worm bites you but does no damage.
You hit the worm but do no damage.
The worm is lightly wounded.
The orc wizard gestures at you while chanting.
The puff of frost hits you! You resist. You block the orc's attack.
You block the hobgoblin's attack. You block the orc's attack.
The orc wizard hits you with a dagger.
You barely miss the orc wizard. The orc hits you but does no damage.
You block the orc wizard's attack. The hobgoblin barely misses you.
The worm barely misses you. You block the orc's attack.
The orc wizard hits you with a dagger.
You completely miss the hobgoblin.
The hobgoblin is moderately wounded.
You block the hobgoblin's attack.
The orc wizard points at you and mumbles some strange words.
The puff of flame hits you! The fire burns you terribly!
* * * LOW HITPOINT WARNING * * *
The orc curses loudly.
The orc hits you but does no damage. The worm bites you!
You die...

....# #...# #...#
. #.w.#
#.####...#
..#.......#
?$.....>=#
#........######
##.......w@oo.#
#..###...go......
..# #...o.......
# #$......####
#.......#)[%
#...)...#$??
#.####..#?$? ..
..####


You could see a worm, an orc wizard, 3 orcs and a hobgoblin.

Vanquished Creatures
  3 gnolls (D:1)
  An adder (D:3)
  A worm (D:2)
  2 dart slugs (D:1)
  A leopard gecko (D:2)
  4 giant cockroaches
  7 goblins
  5 hobgoblins
  6 jackals
  5 kobolds
  3 bats
  2 frilled lizards (D:1)
  5 rats
45 creatures vanquished.

Notes
Turn   | Place    | Note
-------+----------+-------------------------------------------
     0 | D:1      | equalderp2856 the Mummy Fighter began the quest for the Orb.
     0 | D:1      | Reached XP level 1. HP: 18/18 MP: 1/1
    78 | D:1      | Reached XP level 2. HP: 20/24 MP: 2/2
  1113 | D:1      | Reached XP level 3. HP: 22/29 MP: 3/3
  1327 | D:1      | HP: 1/29 [gnoll/halberd (6)]
  1852 | D:2      | Reached XP level 4. HP: 22/35 MP: 4/4
  2294 | D:2      | You fall through a shaft for 2 floors!
  2319 | D:4      | Noticed an ogre
  2408 | D:4      | Found a sparkling altar of Nemelex Xobeh.
  2408 | D:4      | Found an ancient bone altar of Kikubaaqudgha.
  2470 | D:3      | Slain by a worm

Skill      XL: |  1  2  3 |
---------------+----------+-----
Long Blades    | 2 |  2.4
Armour         | 3 |  3.0
Fighting       | |  3.2
Dodging        | |  0.5
Shields        | |  2.9

Action                   |  1- 3 |  4- 6 || total
-------------------------+-------+-------++-------
Melee: Long sword        |   113 |    42 ||   155
Armor: Scale mail        |    67 |    54 ||   121
Dodge: Dodged            |    48 |    38 ||    86
Block: Shield            |    89 |    48 ||   137
       Rpst.: Long sword |     9 |     8 ||    17
